 Dungeon Crawl Stone Soup version 0.23-a0-182-g58cdd98 (webtiles) character file.

147 Amnesiac the Cutter (level 5, -2/41 HPs)
             Began as a Mummy Monk on Sept 20, 2018.
             Slain by a worker ant (4 damage)
             ... on level 4 of the Dungeon.
             The game lasted 00:06:18 (4096 turns).

Amnesiac the Cutter (Mummy Monk)                    Turns: 4096, Time: 00:06:19

Health: -2/41      AC:  9    Str: 14    XL:     5   Next: 8%
Magic:  5/5        EV:  7    Int: 10    God:
Gold:   191        SH:  0    Dex: 17    Spells: 4/4 levels left

rFire    x . .     SeeInvis .   a - +0 short sword
rCold    + . .     Gourm    .   (no shield)
rNeg     + + +     Faith    .   k - +0 chain mail
rPois    ∞         Spirit   .   (no helmet)
rElec    .         Reflect  .   (no cloak)
rCorr    .         Harm     .   (no gloves)
MR       .....                  e - +0 pair of boots
Stlth    ..........             (no amulet)
HPRegen  0.13/turn              m - +2 ring of dexterity
MPRegen  0.09/turn              (no ring)

@: very slightly contaminated
A: no food or potions, fire vulnerability, cold resistance 1, negative energy
resistance 3, torment resistance, unbreathing
a: no special abilities


You were on level 4 of the Dungeon.
You were not hungry.

You visited 1 branch of the dungeon, and saw 6 of its levels.

You collected 191 gold pieces.

Inventory:

Hand Weapons
 a - a +0 short sword (weapon)
 b - a +1 hunting sling
Missiles
 o - 11 sling bullets
 p - 20 stones (quivered)
Armour
 e - a +0 pair of boots (worn)
 k - a +0 chain mail (worn)
 l - a +0 ring mail
Jewellery
 m - a +2 ring of dexterity (left hand)
Scrolls
 f - 3 scrolls of remove curse {!r}
 g - 2 scrolls of magic mapping {!r}
 h - 2 scrolls of identify {!r}
 i - a scroll of amnesia {!r}


   Skills:
 - Level 3.0 Fighting
 + Level 4.8 Short Blades
 - Level 2.4 Dodging
 - Level 1.5 Stealth


You had 4 spell levels left.
You didn't know any spells.
Your spell library was empty.

Dungeon Overview and Level Annotations

Branches:
Dungeon (6/15)
 Temple: D:4-7

Altars:
Dithmenos
Elyvilon
Makhleb
Nemelex Xobeh

Annotations:
D:4 Menkaure


Innate Abilities, Weirdness & Mutations

You do not eat or drink.
Your flesh is vulnerable to fire.
You are immune to poison.
Your flesh is cold resistant. (rC+)
You are immune to negative energy. (rN+++)
You are immune to unholy pain and torment.
You can survive without breathing.


Message History

The worker ant bites you.
* * * LOW HITPOINT WARNING * * *
Really read
c - 2 scrolls of teleportation {!r}?
As you read the scroll of teleportation {!r}, it crumbles to dust.
You feel strangely unstable.
The worker ant bites you but does no damage.
The worker ant closely misses you.
Your surroundings suddenly seem different.
A gnoll comes into view. It is wielding a club.
The gnoll shouts!
Really read
c - a scroll of teleportation {!r}?
As you read the scroll of teleportation {!r}, it crumbles to dust.
You feel strangely unstable.
A worker ant comes into view.
The gnoll hits you but does no damage.
Your surroundings suddenly seem different.
You start resting.
The gnoll is too close now for your liking.
The gnoll shouts!
Really read
n - a scroll labeled GOUTIKHL VOIR {!r}?
As you read the scroll labeled GOUTIKHL VOIR {!r}, it crumbles to dust.
You hear a burbling brook.
It was a scroll of random uselessness {!r}.
Really read
j - a scroll labeled TIAGYCVUGU {!r}?
As you read the scroll labeled TIAGYCVUGU {!r}, it crumbles to dust.
It is a scroll of enchant weapon.
Your +0 hunting sling glows red for a moment.
Really read
i - 2 scrolls labeled URGHOA OGEINI {!r}?
As you read the scroll labeled URGHOA OGEINI {!r}, it crumbles to dust.
It is a scroll of amnesia.
You feel forgetful for a moment.
Really read
f - 4 scrolls labeled MEITRUKEANIMP {!r}?
As you read the scroll labeled MEITRUKEANIMP {!r}, it crumbles to dust.
You feel blessed for a moment.
It was a scroll of remove curse {!r}.
Really read
h - 3 scrolls labeled CERCHAKLOHIO {!r}?
As you read the scroll labeled CERCHAKLOHIO {!r}, it crumbles to dust.
It is a scroll of identify.
g - 2 scrolls of magic mapping {!r} The gnoll hits you but does no damage.
Really read
d - a scroll labeled OMAUMU MEFO {!r}?
Blink to where?
Press: ? - help, Dir - move target cursor You are very lightly contaminated with residual magic.
As you read the scroll labeled OMAUMU MEFO {!r}, it crumbles to dust.
It was a scroll of blinking {!r}.
You open the door.
There is an open door here.
The worker ant completely misses you.
You barely miss the worker ant.
The worker ant is heavily wounded.
The worker ant waves its antennae.
The worker ant bites you.
* * * LOW HITPOINT WARNING * * *
You hit the worker ant.
The worker ant is severely wounded.
The worker ant bites you but does no damage.
You closely miss the worker ant.
The worker ant is severely wounded.
The worker ant bites you.
* * * LOW HITPOINT WARNING * * *
You closely miss the worker ant.
The worker ant is severely wounded.
The worker ant bites you.
You die...

#. ###. #... #g##
##########'##
#...........(
#............
#########............
#...@aog'............
#....######............
..... #.'............
.... #.#............
... #.#.########### ..
##.#..g.# . .......##.#
## ..##.(.##'## #.
#.......# #.


You could see a worker ant, a gnoll and an orc.

Vanquished Creatures
  A bullfrog zombie (D:5)
  A centaur zombie (D:4)
  2 oozes (D:2)
  An adder skeleton (D:6)
  2 leopard geckos (D:1)
  10 orcs
  A ball python (D:1)
  6 giant cockroaches
  4 hobgoblins
  11 jackals
  4 kobolds
  2 quokkas
  2 bats
  3 frilled lizards
  3 goblins (D:1)
  4 rats
57 creatures vanquished.

Notes
Turn   | Place    | Note
-------+----------+-------------------------------------------
     0 | D:1      | Amnesiac the Mummy Monk began the quest for the Orb.
     0 | D:1      | Reached XP level 1. HP: 18/18 MP: 1/1
    53 | D:1      | You fall through a shaft!
    53 | D:2      | Found a shadowy altar of Dithmenos.
    63 | D:2      | Found a white marble altar of Elyvilon.
   746 | D:2      | Reached skill level 3 in Short Blades
   746 | D:2      | Reached XP level 2. HP: 18/24 MP: 2/2
  1129 | D:2      | Reached XP level 3. HP: 25/29 MP: 3/3
  2401 | D:2      | Reached skill level 4 in Short Blades
  2541 | D:2      | Reached XP level 4. HP: 7/35 MP: 4/4
  2957 | D:3      | Found a burning altar of Makhleb.
  2994 | D:4      | Noticed Menkaure
  3217 | D:5      | Entered Level 5 of the Dungeon
  3298 | D:4      | Found a sparkling altar of Nemelex Xobeh.
  3778 | D:6      | Noticed an ogre
  3801 | D:4      | Reached XP level 5. HP: 40/41 MP: 5/5
  4052 | D:4      | HP: 1/41 [worker ant (6)]
  4095 | D:4      | HP: 2/41 [worker ant (2)]
  4096 | D:4      | Slain by a worker ant

Vault maps used:
D:1:      minmay_arrival_hallway
D:2:      minitemple
D:3:      lemuel_doored_altar, first_ration
D:4:      lemuel_round_altar, lemuel_statue_altar, uniq_menkaure
D:5:      amethyst_overflow_temple_binary, glass_columns_a,
          nicolae_alphabet_shops, kennysheep_boxes
D:6:      doesnt_xom_only_xom, old_standard_altar, uniq_grinder, uniq_pikel,
          uniq_prince_ribbit1

Skill      XL: |  1  2  3 |
---------------+----------+-----
Short Blades   | 3 4 |  4.8
Fighting       | |  3.0
Dodging        | |  2.4
Stealth        | |  1.5

Action                   |  1- 3 |  4- 6 || total
-------------------------+-------+-------++-------
Melee: Short sword       |   212 |   110 ||   322
 Fire: Hunting sling     |       |    19 ||    19
  Use: Scroll            |       |    10 ||    10
 Stab: Sleeping          |     1 |       ||     1
Armor: Robe              |    29 |       ||    29
       Chain mail        |    42 |    88 ||   130
Dodge: Dodged            |   136 |    56 ||   192

Table legend:
 A = Non-vault XP
 B = Vault XP
 C = Vault XP percentage of total XP
 D = Non-vault monster count
 E = Vault monster count
 F = Vault count percentage of total count
                 A         B        C        D         E       F
            +---------+---------+-------+---------+---------+-------
      Total |     211 |       0 |   0.0 |      57 |       0 |   0.0
            +---------+---------+-------+---------+---------+-------
        D:1 |      38 |       0 |   0.0 |      20 |       0 |   0.0
        D:2 |      57 |       0 |   0.0 |      21 |       0 |   0.0
        D:3 |      18 |       0 |   0.0 |      10 |       0 |   0.0
        D:4 |      49 |       0 |   0.0 |       4 |       0 |   0.0
        D:5 |      44 |       0 |   0.0 |       1 |       0 |   0.0
        D:6 |       5 |       0 |   0.0 |       1 |       0 |   0.0
            +---------+---------+-------+---------+---------+-------
